 Dungeon Crawl Stone Soup version 0.18.1-48-g4cf74bf (webtiles) character file.

5810 nikopol the Spear-Bearer (level 10, -7/90 (91) HPs)
             Began as a Minotaur Berserker on July 6, 2016.
             Was a High Priest of Trog.
             Splashed by a jelly's acid (9 damage)
             ... on level 9 of the Dungeon.
             The game lasted 00:22:23 (8450 turns).

nikopol the Spear-Bearer (Minotaur Berserker)       Turns: 8450, Time: 00:22:24

HP:   -7/90 (91)    AC:  4    Str: 22    XL:     10   Next: 50%
MP:   9/9           EV:  8    Int:  4    God:    Trog [*****.]
Gold: 666           SH:  0    Dex: 10    Spells: 0 memorised, 9 levels left

rFire  . . .     SeeInvis .     x - +0 trident
rCold  . . .     Gourm    .     C - +0 scale mail
rNeg   . . .     Faith    .     (no shield)
rPois  .         Spirit   .     (helmet restricted)
rElec  .         Dismiss  +     (no cloak)
rCorr  .         Reflect  .     (no gloves)
SustAt .         Harm     .     (no boots)
MR     ++...                    i - amulet of dismissal
Stlth  ..........               M - -3 ring of dexterity
                                (no ring)

@: lethally poisoned (-7 -> -7), corroded, regenerating, very resistant to
hostile enchantments, extremely unstealthy
A: retaliatory headbutt, horns 2
a: Berserk, Trog's Hand, Brothers in Arms, Burn Spellbooks, Renounce Religion


You were on level 9 of the Dungeon.
You worshipped Trog.
Trog was extremely pleased with you.
You were not hungry.

You visited 1 branch of the dungeon, and saw 9 of its levels.
You also visited: Ossuary.

You collected 666 gold pieces.

Inventory:

Hand Weapons
 a - a +0 spear
 c - a +0 shortbow
 x - a +0 trident (weapon)
Missiles
 G - 62 arrows (quivered)
Armour
 b - a +0 animal skin
 e - a +0 leather armour
 f - a +0 ring mail
 C - a +0 scale mail (worn)
Jewellery
 i - an amulet of dismissal (around neck)
 t - an uncursed amulet of the gourmand {unknown}
 u - an uncursed ring of sustain attributes
 w - a +6 ring of slaying {unknown}
 M - a -3 ring of dexterity (right hand)
Wands
 N - a wand of digging (10/24)
Scrolls
 h - a scroll of identify
 n - 3 scrolls of teleportation {unknown}
 q - 4 scrolls of remove curse
 y - 2 scrolls of fog {unknown}
 A - 2 scrolls of recharging {unknown}
 D - a scroll of blinking {unknown}
 K - a scroll of holy word {unknown}
Potions
 d - 4 potions of lignification
 g - 4 potions of agility
 j - 4 potions of curing
 k - 5 potions of might
 l - a potion of cancellation {unknown}
 m - a potion of magic {unknown}
 o - 2 potions of berserk rage
 r - 2 potions of cure mutation
 v - 2 potions of haste {unknown}
 z - 3 potions of heal wounds
 F - a potion of degeneration {unknown}
 H - 2 potions of brilliance {unknown}
 I - a potion of ambrosia {unknown}
 L - a potion of flight {unknown}
Comestibles
 p - 6 chunks of flesh
 s - 3 meat rations
 E - 2 beef jerkies
 J - 6 bread rations


   Skills:
 + Level 9.5 Fighting
 * Level 10.2 Polearms
 * Level 5.3 Bows
 + Level 9.0 Armour
 + Level 8.5 Dodging


You had 9 spell levels left.
You didn't know any spells.

Dungeon Overview and Level Annotations

Branches:
Dungeon (9/15)             Temple (0/1) D:5            Lair (0/8) D:9
    Orc: D:9-12

Altars:
Dithmenos
Gozag
Kikubaaqudgha
Nemelex Xobeh
Qazlal
Ru
Sif Muna
Xom
The Shining One

Annotations:
D:4 1 runed door


Innate Abilities, Weirdness & Mutations

You reflexively headbutt those who attack you in melee.
You have a pair of horns on your head.


Message History

A jelly comes into view.
Your skin crawls.
You feel resistant to hostile enchantments.
You feel slightly more hungry.
The jelly quivers.
Something hits you but does no damage. x2
You feel sick. Something hits you.
* * * LOW HITPOINT WARNING * * *
Something hits you but does no damage. The jelly hits you but does no damage.
Something hits you.
* * * LOW HITPOINT WARNING * * *
Something hits you.
* * * LOW HITPOINT WARNING * * *
Something hits you but does no damage. The jelly closely misses you.
You feel sick. Something completely misses you. The jelly barely misses you.
There is an escape hatch in the ceiling here.
Something hits you but does no damage. The jelly hits you.
* * * LOW HITPOINT WARNING * * *
You are splashed with acid!
The acid corrodes you!
The acid burns!
You die...

............................>...
...............................
####................########...
######................########...
.................................
######...........................
######...........########.#######
...............J.................
.....$.†........@................
......††..#######................
#######(..# #................
#...# #................ #(..#
#.....<.......... #(..#
#................ ...#
####................ ....
.....................
...........))........


You could see a jelly.

Vanquished Creatures
  Erolcha (D:9)
  The ghost of poirepourri the Cleaver, a novice MiFi of Makhleb (D:9)
  The ghost of Britaniac the Basher, a novice GrFi (D:4)
  A hungry ghost (D:7)
  A mottled dragon (D:7)
  Menkaure (D:7)
  A water moccasin (D:5)
  3 orc warriors
  4 sky beasts
  A wasp (D:8)
  A necrophage (D:4)
  4 ogres
  3 phantoms
  2 centaurs
  A giant frog (D:7)
  A water moccasin zombie (D:6)
  3 scorpions
  4 killer bees (D:9)
  6 wights
  A howler monkey (D:5)
  2 jellies
  3 crimson imps
  A centaur zombie (D:5)
  5 hounds
  2 quasits
  A giant frog skeleton (D:6)
  A gnoll shaman (D:9)
  5 orc priests
  8 orc wizards
  5 iguanas
  2 worker ants
  Terence (D:3)
  A big kobold zombie (Ossuary)
  9 mummies
  A hound zombie (D:9)
  A worker ant zombie (D:9)
  9 gnolls
  2 adders
  2 shadow imps
  An ooze (D:6)
  5 worms
  5 giant geckos
  38 orcs
  3 ball pythons
  6 giant cockroaches
  6 goblins
  2 hobgoblins (D:1)
  5 jackals
  7 kobolds
  A quokka (D:7)
  6 bats
  6 giant newts
  2 gnoll zombies (Ossuary)
  A hobgoblin zombie (Ossuary)
  3 kobold zombies (Ossuary)
  An orc zombie (Ossuary)
  A quokka zombie (D:8)
  7 rats
208 creatures vanquished.

Notes
Turn   | Place    | Note
--------------------------------------------------------------
     0 | D:1      | nikopol the Minotaur Berserker began the quest for the Orb.
     0 | D:1      | Reached XP level 1. HP: 19/19 MP: 0/0
    92 | D:1      | Reached XP level 2. HP: 22/27 MP: 1/1
   458 | D:1      | Reached ** piety under Trog
   687 | D:2      | Found a sparkling altar of Nemelex Xobeh.
   693 | D:2      | Reached skill level 4 in Polearms
   759 | D:2      | Reached XP level 3. HP: 33/33 MP: 2/2
   787 | D:2      | Found an ancient bone altar of Kikubaaqudgha.
   787 | D:2      | Found a shimmering altar of Xom.
  1527 | D:3      | Reached XP level 4. HP: 32/40 MP: 3/3
  1741 | D:3      | Reached *** piety under Trog
  1743 | D:3      | Noticed Terence
  1749 | D:3      | Killed Terence
  1749 | D:3      | Reached XP level 5. HP: 47/47 MP: 4/4
  2124 | D:4      | Found a glowing golden altar of the Shining One.
  2243 | D:4      | Noticed a necrophage
  2251 | D:4      | Killed a necrophage
  2251 | D:4      | Reached skill level 5 in Fighting
  2251 | D:4      | Reached skill level 5 in Polearms
  2251 | D:4      | Reached XP level 6. HP: 38/55 MP: 5/5
  2611 | D:4      | Found a shadowy altar of Dithmenos.
  2625 | D:4      | Reached XP level 7. HP: 41/61 MP: 6/6
  2747 | D:4      | Reached skill level 5 in Armour
  2846 | D:4      | Reached skill level 6 in Polearms
  2846 | D:4      | Reached skill level 5 in Dodging
  3025 | D:4      | Noticed Britaniac's ghost (novice GrFi)
  3039 | D:4      | Killed Britaniac's ghost
  3039 | D:4      | Reached XP level 8. HP: 70/70 MP: 7/7
  3223 | D:4      | Found a runed door.
  3223 | D:4      | Noticed an angel
  3333 | D:5      | Entered Level 5 of the Dungeon
  3348 | D:5      | Found a sand-covered staircase.
  3354 | Ossuary  | Entered an ossuary
  3551 | Ossuary  | Reached skill level 7 in Polearms
  4031 | D:5      | Reached **** piety under Trog
  4470 | D:5      | Found a deep blue altar of Sif Muna.
  4577 | D:5      | Found a staircase to the Ecumenical Temple.
  4735 | D:6      | Reached XP level 9. HP: 80/80 MP: 8/8
  4740 | D:6      | Reached skill level 8 in Polearms
  4753 | D:6      | You fall through a shaft for 3 floors!
  4753 | D:9      | Found a staircase to the Lair.
  4961 | D:7      | Noticed Menkaure
  5515 | D:7      | Reached skill level 1 in Bows
  5797 | D:7      | Killed Menkaure
  5797 | D:7      | Reached ***** piety under Trog
  5797 | D:7      | Reached skill level 9 in Polearms
  6702 | D:8      | Found a sacrificial altar of Ru.
  7135 | D:8      | Found an opulent altar of Gozag.
  7397 | D:8      | Reached XP level 10. HP: 71/90 MP: 9/9
  7557 | D:9      | Noticed poirepourri's ghost (novice MiFi)
  7583 | D:9      | Killed poirepourri's ghost
  7649 | D:9      | HP: 3/90 [something (6)]
  8137 | D:9      | Noticed Erolcha
  8161 | D:9      | Killed Erolcha
  8161 | D:9      | Reached skill level 10 in Polearms
  8161 | D:9      | Reached skill level 5 in Bows
  8218 | D:9      | Found a stormy altar of Qazlal.
  8330 | D:9      | Received a gift from Trog
  8447 | D:9      | HP: 4/90 [something (6)]
  8450 | D:9      | Splashed by a jelly's acid

Skill      XL: |  1  2  3  4  5  6  7  8  9 10 |
---------------+-------------------------------+-----
Fighting       | 4 5 6 7 9 |  9.5
Polearms       | 4 5 6 7 9 10 | 10.2
Armour         | 3 4 6 7 8 9 |  9.0
Dodging        | 3 4 5 6 8 |  8.5
Bows           | 3 5 |  5.3

Action                   |  1- 3 |  4- 6 |  7- 9 | 10-12 || total
-------------------------+-------+-------+-------+-------++-------
Melee: Spear             |   124 |    70 |    55 |       ||   249
       Headbutt          |    13 |    14 |    83 |    18 ||   128
       Trident           |       |       |   352 |    67 ||   419
 Fire: Shortbow          |       |       |    78 |    37 ||   115
Invok: Berserk           |       |     2 |     3 |     2 ||     7
       Burn Spellbooks   |       |     1 |     1 |       ||     2
       Trog's Hand       |       |       |       |     1 ||     1
  Use: Scroll            |       |       |     4 |     7 ||    11
  Eat: Chunk             |     2 |     5 |    17 |     3 ||    27
       Beef jerky        |       |       |     2 |     1 ||     3
       Pizza             |       |       |     1 |     1 ||     2
Armor: Animal skin       |     2 |       |       |       ||     2
       Ring mail         |    16 |     5 |       |       ||    21
       Scale mail        |       |     7 |    80 |    40 ||   127
Dodge: Dodged            |    49 |    22 |   157 |    44 ||   272
